 Dungeon Crawl Stone Soup version 0.17-a0-469-g696e5a1 (webtiles) character file.

238 Fluffy the Slasher (level 6, -5/47 HPs)
             Began as a Human Fighter on Apr 6, 2015.
             Slain by Duvessa
             ... wielding a +0 rapier
              (10 damage)
             ... on level 4 of the Dungeon.
             The game lasted 00:06:18 (2785 turns).

Fluffy the Slasher (Human Fighter)                  Turns: 2785, Time: 00:06:18

Health: -5/47      AC: 10    Str: 23    XL:     6   Next: 28%
Magic:  6/6        EV:  5    Int:  9    God:
Gold:   219        SH:  9    Dex: 12    Spells: 0 memorised, 5 levels left

rFire  . . .     SeeInvis .     f - +1 dagger (speed)
rCold  . . .     Clarity  .     p - +0 chain mail
rNeg   . . .     SustAb   .     c - +0 shield
rPois  .         Gourm    .     u - +0 helmet
rElec  .         Spirit   .     (no cloak)
rCorr  .         Warding  .     (no gloves)
rMut   .         Stasis   .     (no boots)
MR     .....                    (no amulet)
Stlth  ..........               (no ring)
                                (no ring)

@: mighty, glowing, not resistant to hostile enchantments, extremely unstealthy
A: no striking features
a: no special abilities


You were on level 4 of the Dungeon.
You were not hungry.

You visited 1 branch of the dungeon, and saw 4 of its levels.

You collected 219 gold pieces.

Inventory:

Hand weapons
 a - a +0 long sword
 f - a +1 dagger of speed (weapon)
Armour
 c - a +0 shield (worn)
 p - a +0 chain mail (worn)
 u - a +0 helmet (worn)
Scrolls
 g - 3 scrolls of identify
 j - a scroll of teleportation
 l - 2 scrolls of remove curse
 n - 2 scrolls of enchant weapon {unknown}
 o - a scroll of enchant armour {unknown}
 q - a scroll of fog {unknown}
 r - 2 scrolls of amnesia {unknown}
 t - a scroll of recharging {unknown}
Potions
 h - a potion of restore abilities
Comestibles
 b - a royal jelly
 d - 3 bread rations
 k - a beef jerky


   Skills:
 - Level 3.0 Fighting
 + Level 6.1 Long Blades
 - Level 3.0 Armour
 - Level 3.0 Shields


You had 5 spell levels left.
You didn't know any spells.

Dungeon Overview and Level Annotations

Branches:
Dungeon (4/15)
 Temple: D:4-7

Altars:
Kikubaaqudgha
Makhleb
Trog

Annotations:
D:4 Duvessa


Message History

It was a potion of magic.
Magic courses through your body. Duvessa hits you but does no damage.
Drink which item? (? for menu, Esc to quit)
It was a potion of curing.
You feel better. You block Duvessa's attack. Duvessa hits you with a rapier.
* * * LOW HITPOINT WARNING * * *
Drink which item? (? for menu, Esc to quit)
Okay, then.
You closely miss Duvessa.
Duvessa is heavily wounded.
You block Duvessa's attack.
You puncture Duvessa!
Duvessa is severely wounded.
You block Duvessa's attack.
You closely miss Duvessa.
Duvessa is severely wounded.
You puncture Duvessa!
Duvessa is almost dead.
Duvessa hits you with a rapier!
You die...

.........$.........
...................
#.##....##..######.
#....#...e#
##....#.##†#
......#(##.#
..........ge#
......#.####.# ...
##ge@...# .
########


You could see Duvessa (berserk) and a goblin.

Vanquished Creatures
  Dowan (D:4)
  A giant frog skeleton (D:4)
  A hound (D:4)
  Natasha (D:2)
  3 adders (D:2)
  3 giant geckos
  An ooze (D:1)
  4 orcs (D:3)
  2 ball pythons (D:3)
  13 bats
  2 giant cockroaches
  7 hobgoblins
  5 jackals
  6 kobolds
  2 quokkas
  5 giant newts
  5 goblins
  7 rats
69 creatures vanquished.

Notes
Turn   | Place    | Note
--------------------------------------------------------------
     0 | D:1      | Fluffy, the Human Fighter, began the quest for the Orb.
     0 | D:1      | Reached XP level 1. HP: 18/18 MP: 1/1
   161 | D:1      | Reached XP level 2. HP: 24/24 MP: 2/2
   343 | D:1      | Reached XP level 3. HP: 8/29 MP: 3/3
  1024 | D:2      | Noticed Natasha
  1066 | D:2      | Killed Natasha
  1066 | D:2      | Reached skill level 4 in Long Blades
  1066 | D:2      | Reached XP level 4. HP: 10/35 MP: 4/4
  1731 | D:2      | Found a bloodstained altar of Trog.
  1731 | D:2      | Found an ancient bone altar of Kikubaaqudgha.
  1732 | D:2      | Found a burning altar of Makhleb.
  1862 | D:2      | Reached XP level 5. HP: 33/41 MP: 5/5
  2237 | D:3      | Reached skill level 5 in Long Blades
  2712 | D:4      | Noticed Duvessa
  2742 | D:4      | Noticed Dowan
  2765 | D:4      | Reached XP level 6. HP: 24/47 MP: 6/6
  2773 | D:4      | Killed Dowan
  2773 | D:4      | Reached skill level 6 in Long Blades
  2779 | D:4      | HP: 1/47 [Duvessa/rapier (7)]
  2785 | D:4      | Slain by Duvessa

Action                   |  1- 3 |  4- 6 || total
-------------------------+-------+-------++-------
Melee: Dagger            |   205 |   264 ||   469
       Long sword        |     2 |       ||     2
  Use: Scroll            |       |     4 ||     4
       Potion            |       |     3 ||     3
  Eat: Chunk             |       |     6 ||     6
